 Dungeon Crawl Stone Soup version 0.13.0-25-g43d4df3 (webtiles) character file.

221 Malachi the Chiller (level 4, -7/30 HPs)
             Began as a Mummy Ice Elementalist on Oct 27, 2013.
             Killed by divine providence
             ... invoked by an orc priest
              (15 damage)
             ... on Level 3 of the Dungeon.
             The game lasted 00:05:00 (3201 turns).

Malachi the Chiller (Mummy Ice Elementalist)        Turns: 3201, Time: 00:05:01

HP  -7/30        AC  3     Str 11      XL: 4   Next: 57%
MP   0/7         EV 12     Int 15      God:
Gold 114         SH  0     Dex 12      Spells:  1 memorised,  4 levels left

Res.Fire  : x . .   See Invis. : .   k - +0 dwarf war axe
Res.Cold  : + . .   Warding    : .   a - +0 robe
Life Prot.: + + +   Conserve   : .   (no shield)
Res.Poison: +       Res.Corr.  : .   (no helmet)
Res.Elec. : .       Clarity    : .   (no cloak)
Sust.Abil.: . .     Spirit.Shd : .   f - +0 pair of gloves
Res.Mut.  : .       Stasis     : .   (no boots)
Res.Rott. : +       Flight     : .   (no amulet)
Saprovore : . . .                    (no ring)
                                     (no ring)

@: very slightly contaminated, slightly resistant to hostile enchantments,
unstealthy
A: no food or potions, fire vulnerability, restore body, cold resistance 1, life
protection 3, poison resistance, torment resistance, unbreathing
a: no special abilities


You were on level 3 of the Dungeon.
You were not hungry.

You visited 1 branch of the dungeon, and saw 3 of its levels.

You collected 94 gold pieces.

Inventory:

Hand weapons
 e - a +0,+0 dagger (quivered)
 k - a +0,+0 dwarven war axe (weapon)
Armour
 a - a +0 robe (worn)
 f - a +0 pair of gloves (worn)
Scrolls
 c - 5 scrolls of remove curse {unknown}
 d - 2 scrolls of identify {unknown}
 g - a scroll of noise {unknown}
 i - a scroll of magic mapping {unknown}
 j - a scroll of random uselessness {unknown}
Jewellery
 h - an uncursed amulet of warding {unknown}
Books
 b - a book of Frost

   Spells                             Type                      Level
   *Freeze                            Ice                          1
   Throw Frost                        Conjuration/Ice              2
   Ozocubu's Armour                   Charms/Ice                   3
   Throw Icicle                       Conjuration/Ice              4
   Summon Ice Beast                   Ice/Summoning                4
   Condensation Shield                Ice                          4


   Skills:
 - Level 1.5 Dodging
 - Level 1.5 Stealth
 - Level 1.0 Spellcasting
   Level 0.7 Conjurations
 * Level 4.4 Ice Magic


You had 4 spell levels left.
You knew the following spells:

 Your Spells              Type           Power        Failure   Level  Hunger
a - Freeze                Ice            ##..         4%          1    N/A

Dungeon Overview and Level Annotations

Branches:
Dungeon (3/27)

Altars:


Innate Abilities, Weirdness & Mutations

You do not eat or drink.
Your flesh is vulnerable to fire.
Your flesh is cold resistant.
You are immune to negative energy.
Your system is resistant to poisons.
You are immune to unholy pain and torment.
You can survive without breathing.


Message History

Casting: Freeze
Confirm with . or Enter, or press ? or * to list all spells.
Aiming: Freeze
Press: ? - help, Shift-Dir - straight line, f - bat
Aim: a bat (severely wounded)
You miscast Freeze.
Nothing appears to happen.
The bat hits you.
Casting: Freeze
Confirm with . or Enter, or press ? or * to list all spells.
You don't have enough magic to cast that spell.
Unknown command.
The orc priest invokes the aid of Beogh against you.
Something smites you!
You hit the orc.
The orc is heavily wounded.
The orc hits you with an orcish hand axe.
* * * LOW HITPOINT WARNING * * *
The orc priest invokes the aid of Beogh against you.
Something smites you!
Ouch! That really hurt!
You die...

#...# #......... #...#
#.###.....
########...###.##......
#..........%......#..##
#..................##.#
#.....................#
#.#####.#...#>#######.##
#.#...#.# #.## #@#...#.#
#.#. #o#...#.# #...
#[).....# #...
###..)...# ##.. ..o....#
##. ....##..# ## ......
..# # ..o..#.....
.........


You could see an orc priest and an orc.

Vanquished Creatures
  Jessica (D:2)
  Terence (D:2)
  An adder (D:2)
  2 worms (D:2)
  A giant gecko (D:2)
  4 orcs
  6 bats
  2 giant cockroaches
  5 goblins (D:2)
  8 hobgoblins
  An ooze (D:3)
  A ball python (D:2)
  4 giant newts
  7 kobolds (D:2)
  A quokka (D:2)
  8 rats
53 creatures vanquished.

Notes
Turn   | Place    | Note
--------------------------------------------------------------
     0 | D:1      | Malachi, the Mummy Ice Elementalist, began the quest for the Orb.
     0 | D:1      | Reached XP level 1. HP: 13/13 MP: 3/3
   828 | D:1      | Reached XP level 2. HP: 11/19 MP: 0/4
  1098 | D:2      | Reached skill level 3 in Ice Magic
  1524 | D:2      | Reached XP level 3. HP: 22/24 MP: 1/5
  1768 | D:2      | Noticed Terence
  1856 | D:2      | Killed Terence
  2062 | D:2      | Noticed Jessica
  2075 | D:2      | Killed Jessica
  2075 | D:2      | Reached skill level 4 in Ice Magic
  2075 | D:2      | Reached XP level 4. HP: 26/30 MP: 1/7
  3201 | D:3      | Killed from afar by an orc priest

Action                   |  1- 3 |  4- 6 || total
-------------------------+-------+-------++-------
Melee: Dagger            |    39 |     5 ||    44
       Unarmed           |     2 |       ||     2
       War axe           |       |     2 ||     2
 Cast: Freeze            |    61 |    40 ||   101
